AoeStats
← Ke Wa

Nomad

509873040Analyzed
2v2 RM · 5d ago on Sep 28, 2026· 51m 7s· 4 players
Game mode
Random Map
Map size
176×176
Population
200
Speed
Normal
Resources
Standard
Victory
Conquest
Starting age
Dark Age
Ending age
Imperial Age
RankedLock teamsTeams togetherTeam positionsShared explorationLock speedFull tech treeHidden civsTurbo modeCheats
Victory
Defeat
🇫🇷 Wu · France
931
+14
🇫🇷 Vikings · France
920
+14
🇲🇽 Mongols · Mexico
961
-17
🇵🇹 Persians · Portugal
812
-11
Titou
9:18 Loom
14:49 Feudal Age
15:30 Double-Bit Axe
17:41 Forging
24:02 Castle Age
23:35 Scale Mail Armor
24:10 Fletching
24:22 Pikeman
25:03 Squires
25:49 Elite Skirmisher
26:55 Town Watch
27:40 Fishing Lines
28:15 Horse Collar
29:34 Wheelbarrow
29:27 Padded Archer Armor
30:40 Redemption
30:35 Gillnets
31:25 Bodkin Arrow
32:21 Town Patrol
32:53 Gold Mining
35:58 Chain Mail Armor
36:18 Iron Casting
36:16 Ballistics
37:00 Heavy Plow
41:17 Imperial Age
39:06 Hand Cart
39:18 Leather Archer Armor
40:57 Murder Holes
41:32 Bow Saw
42:49 Conscription
46:00 Blast Furnace
49:13 Plate Mail Armor
49:16 Halberdier
Ke Wa
4:30 Loom
14:08 Feudal Age
19:48 Castle Age
21:48 Gold Mining
21:48 Stone Mining
21:59 Double-Bit Axe
22:52 Forging
24:42 Bow Saw
24:57 Pikeman
30:04 Fishing Lines
31:20 Horse Collar
35:49 Imperial Age
33:59 Squires
35:19 Chieftains
36:23 Ballistics
38:27 Elite Longship
39:02 Elite Skirmisher
40:21 Elite Berserk
41:08 Scale Mail Armor
ZopePunk
14:26 Feudal Age
13:32 Loom
15:02 Double-Bit Axe
19:28 Castle Age
19:18 Bloodlines
21:03 Forging
21:03 Scale Barding Armor
26:56 Bow Saw
27:24 Fishing Lines
28:20 Gillnets
28:57 Elite Skirmisher
31:07 Iron Casting
30:53 Chain Barding Armor
32:12 Horse Collar
33:08 Heavy Plow
37:49 Imperial Age
35:55 Wheelbarrow
35:08 Town Watch
38:14 Fletching
38:54 Conscription
38:04 Elite Steppe Lancer
42:50 Padded Archer Armor
43:52 Husbandry
48:55 Thumb Ring
Sir KuBo PC
4:03 Loom
17:51 Feudal Age
19:01 Wheelbarrow
18:20 Double-Bit Axe
18:26 Fishing Lines
19:15 Horse Collar
19:45 Gold Mining
19:46 Stone Mining
20:53 Arson
24:15 Bloodlines
28:33 Castle Age
26:56 Fletching
27:09 Padded Archer Armor
29:33 Bow Saw
29:25 Heavy Plow
28:49 Demolition Ship
29:22 Gillnets
28:53 Demolition Ship
29:11 Crossbowman
29:17 Elite Skirmisher
30:00 Husbandry
29:21 Light Cavalry
31:01 Gold Shaft Mining
32:33 Squires
32:28 Gambesons
32:16 Pikeman
34:11 Hand Cart
34:26 Medium Warships
36:19 Clinker Construction
42:43 Stone Shaft Mining
42:36 Masonry
44:22 Thumb Ring
46:53 Fervor
50:34 Imperial Age
49:10 Kamandaran
51:26 Citadels
51:18 Town Watch
Connection lost

Rejoining the realm…

Still unreachable

The connection could not be restored.

Session expired

The server has moved on; the page needs a fresh start.